 Dungeon Crawl Stone Soup version 0.28.0-1-gb440e238dd (webtiles) character file.

Game seed: 11250956128712208029

35 Edwards80 the Shield-Bearer (level 3, 0/23 HPs)
             Began as a Gargoyle Fighter on Feb 23, 2022.
             Slain by a thrashing horror (3 damage)
             ... on level 1 of the Abyss.
             The game lasted 00:02:42 (1278 turns).

Edwards80 the Shield-Bearer (Gargoyle Fighter)      Turns: 1278, Time: 00:02:43

Health: 0/23       AC: 13    Str: 21    XL:     3   Next: 35%
Magic:  3/3        EV:  7    Int:  8    God:
Gold:   36         SH:  4    Dex:  9    Spells: 2/2 levels left

rFire   . . .      SeeInvis .   a - +0 flail
rCold   . . .      Faith    .   c - +0 buckler
rNeg    + . .      Spirit   .   f - +0 chain mail
rPois   ∞          Reflect  .   h - +0 helmet
rElec   +          Harm     .   (no cloak)
rCorr   .          Rampage  .   (no gloves)
Will    .....                   (no boots)
Stlth   ..........              (no amulet)
HPRegen 0.07/turn               (no ring)
MPRegen 0.08/turn               (no ring)

@: no status effects
A: sickness immunity, AC +3, negative energy resistance 1, electricity
resistance, torment resistance 1, petrification resistance
a: no special abilities


You were on level 1 of the Abyss.
You visited 1 branch of the dungeon, and saw 2 of its levels.
You visited the Abyss 1 time.

You collected 36 gold pieces.

Inventory:

Hand Weapons
 a - a +0 flail (weapon)
Armour
 c - a +0 buckler (worn)
 f - a +0 chain mail (worn)
 h - a +0 helmet (worn)
Scrolls
 e - a scroll of vulnerability {unknown}
 i - a scroll of teleportation {unknown}
 k - 2 scrolls of amnesia {unknown}
Potions
 b - a potion of haste {unknown}
 d - a potion of might
 g - 2 potions of brilliance {unknown}
 j - a potion of flight {unknown}
 l - a potion of ambrosia {unknown}


   Skills:
 - Level 3.2 Fighting
 + Level 3.2 Maces & Flails
 - Level 3.2 Armour
 + Level 3.8 Shields


You had 2 spell levels left.
You didn't know any spells.
Your spell library was empty.

Dungeon Overview and Level Annotations

Branches:
Dungeon (2/15)

Altars:


Innate Abilities, Weirdness & Mutations

You are immune to sickness and miasma.
Your stone body is resilient. (AC +3)
You are immune to poison.
You resist negative energy. (rN+)
You are resistant to electric shocks. (rElec)
You are resistant to unholy torment.
You are immune to petrification.


Message History

HP restored.
There is a stone staircase leading down here.
You climb downwards.
The goblin hits you but does no damage.
You are cast into the Abyss!
This branch contains the abyssal rune of Zot.
A thrashing horror emerges from chaos.
The thrashing horror roars!
The thrashing horror tramples you but does no damage. x2
The thrashing horror tramples you.
You hold your ground!
The thrashing horror tramples you.
You hold your ground!
The thrashing horror tramples you but does no damage.
The thrashing horror barely misses you.
The thrashing horror roars!
The thrashing horror tramples you.
You hold your ground!
You block the thrashing horror's attack.
The thrashing horror roars!
The thrashing horror tramples you!
You stumble backwards!
Press: ? - help, v - describe, . - travel A stone wall.
The thrashing horror barely misses you.
The thrashing horror tramples you but does no damage.
The thrashing horror tramples you but does no damage.
The thrashing horror barely misses you.
The thrashing horror tramples you but does no damage.
The thrashing horror barely misses you. The thrashing horror tramples you.
* * * LOW HITPOINT WARNING * * *
You hold your ground!
You block the thrashing horror's attack.
The thrashing horror barely misses you. The thrashing horror tramples you.
* * * LOW HITPOINT WARNING * * *
You hold your ground!
The thrashing horror roars!
The thrashing horror closely misses you.
The thrashing horror barely misses you.
The thrashing horror roars!
You block the thrashing horror's attack.
The thrashing horror tramples you but does no damage.
The thrashing horror tramples you.
You die...

# # . .###### .
.......... .#
#.## ..#... . ##
.# .....##
.#.......##.###
.. .# .
####.§..#.# . ##.
###.####§# # # #
.####§§#X..§####
.# .
..##.§@#.§§§..#
....
..##§#§##§..#..##
.... ##
§#.###§.§#.### .
... #
#.#..#§.#...# .
..... .
.##.....##..#...
###.. #..#
#.......#..#.#
...#..#
##..#.#..X.## . .
.. #....#.######
. # .... .#


You could see a thrashing horror.

Vanquished Creatures
  Robin (D:1)
  A ball python (D:1)
  4 endoplasms (D:1)
  5 goblins (D:1)
  4 hobgoblins (D:1)
  2 kobolds (D:1)
  3 bats (D:1)
  3 rats (D:1)
23 creatures vanquished.

Notes
Turn   | Place    | Note
-------+----------+-------------------------------------------
     0 | D:1      | Edwards80 the Gargoyle Fighter began the quest for the Orb.
     0 | D:1      | Reached XP level 1. HP: 14/14 MP: 1/1
   346 | D:1      | Reached XP level 2. HP: 19/19 MP: 2/2
   372 | D:1      | Found a faded altar of an unknown god.
  1082 | D:2      | Noticed Robin
  1093 | D:1      | Reached XP level 3. HP: 16/23 MP: 3/3
  1094 | D:1      | Killed Robin
  1238 | D:2      | Cast into level 1 of the Abyss (goblin)
  1259 | Abyss:1  | Noticed a thrashing horror
  1278 | Abyss:1  | Slain by a thrashing horror

Illustrated notes

Levels and vault maps discovered:
D:1:      zelgadis_glass_arrival_small, layout_loops_ring,
          basic_ecumenical_altar, palyth_stone_intersect,
          minmay_misc_feat_diagonals
D:2:      layout_loops_cross, basic_altar, uniq_robin
Abyss:1:  base:
D:1

Skill      XL: |  1  2 |
---------------+-------+-----
Maces & Flails | 3 |  3.2
Fighting       | |  3.2
Armour         | |  3.2
Shields        | |  3.8

Action                   || total
-------------------------++-------
Melee: Flail             ||    86
Armor: Scale mail        ||    17
       Chain mail        ||    49
Dodge: Dodged            ||    47
Block: Buckler           ||    23
